 Dungeon Crawl Stone Soup version 0.23.2-1-ga50397a (webtiles) character file.

Game seed: 4675018527292698300

71 glob the Skirmisher (level 4, -6/36 HPs)
             Began as a Demonspawn Abyssal Knight on May 8, 2019.
             Was a Follower of Lugonu.
             Killed from afar by an orc wizard (8 damage)
             ... with a magic dart
             ... on level 3 of the Dungeon.
             The game lasted 00:07:46 (1477 turns).

glob the Skirmisher (Demonspawn Abyssal Knight)     Turns: 1477, Time: 00:07:46

Health: -6/36      AC:  7    Str: 13    XL:     4   Next: 5%
Magic:  5/5        EV:  8    Int: 14    God:    Lugonu [*.....]
Gold:   58         SH:  3    Dex: 12    Spells: 3/3 levels left

rFire    . . .     SeeInvis .   g - +1 hand axe (freeze)
rCold    . . .     Gourm    .   p - +0 buckler
rNeg     . . .     Faith    .   d - +0 scale mail
rPois    .         Spirit   .   (no helmet)
rElec    .         Reflect  .   (no cloak)
rCorr    .         Harm     .   j - +0 pair of gloves
MR       .....                  (no boots)
Stlth    ..........             (no amulet)
HPRegen  0.12/turn              (no ring)
MPRegen  0.09/turn              (no ring)

@: no status effects
A: talons 1, powered by pain 2
a: Depart the Abyss, Renounce Religion


You were on level 3 of the Dungeon.
You worshipped Lugonu.
Lugonu was aware of your devotion.
You were not hungry.

You visited 1 branch of the dungeon, and saw 3 of its levels.
You visited the Abyss 1 time.

You collected 58 gold pieces.

Inventory:

Hand Weapons
 a - a +1 mace
 g - a +1 hand axe of freezing (weapon)
 o - a +0 flail
Missiles
 m - 3 curare-tipped needles
Armour
 d - a +0 scale mail (worn)
 j - a +0 pair of gloves (worn)
 p - a +0 buckler (worn)
Scrolls
 e - a scroll of remove curse {unknown}
 f - a scroll of teleportation {unknown}
 i - 2 scrolls of magic mapping {unknown}
 k - a scroll of fog {unknown}
 r - a scroll of enchant armour {unknown}
Potions
 b - a potion of berserk rage
 h - a potion of lignification
 n - a potion of magic
 q - a potion of might {unknown}
Comestibles
 c - 3 rations


   Skills:
 + Level 3.6 Fighting
 + Level 2.8 Maces & Flails
 + Level 2.5 Armour
 + Level 1.0 Dodging
 + Level 2.6 Invocations


You had 3 spell levels left.
You didn't know any spells.
Your spell library was empty.

Dungeon Overview and Level Annotations

Branches:
Dungeon (3/15)

Altars:


Innate Abilities, Weirdness & Mutations

You have sharp toenails.
You sometimes gain power by taking damage.


Message History

The orc wizard hits you but does no damage. x2
Your shield and scale mail prevent you from hitting the orc wizard.
Your kick misses the orc wizard.
The orc wizard is severely wounded.
The orc wizard hits you but does no damage.
The orc wizard barely misses you.
You barely miss the orc wizard. Your kick misses the orc wizard.
The orc wizard is severely wounded.
The orc wizard hits you but does no damage.
The orc wizard hits you with a +0 dagger.
* * * LOW HITPOINT WARNING * * *
You hit the orc wizard. You freeze the orc wizard.
The orc wizard is severely wounded.
The orc wizard gestures wildly while chanting.
The orc wizard blinks!
The orc wizard barely misses you. x2
You closely miss the orc wizard. Your kick misses the orc wizard.
The orc wizard is severely wounded.
The orc wizard casts a spell at you. The magic dart hits you!
You die...

#.##### #.#
#.# #<# #.#
#)# #.# #.#
#.# ##.#
#.######..#
#.........#
########.)###
#.o)@# #.##o#
#.##.# #.##.#
#.##.# #.##.#
#. #.# #. #.#


You could see 2 orc wizards.

Vanquished Creatures
  An adder (D:2)
  An ooze (D:2)
  A dart slug (D:2)
  A leopard gecko (D:1)
  8 orcs (D:3)
  A giant cockroach (D:1)
  8 goblins (D:1)
  2 hobgoblins (D:1)
  4 jackals (D:2)
  A quokka (D:2)
  4 bats
  3 frilled lizards
  4 kobolds
  6 rats
45 creatures vanquished.

Notes
Turn   | Place    | Note
-------+----------+-------------------------------------------
     0 | Abyss:1  | glob the Demonspawn Abyssal Knight began the quest for the
                  | Orb.
     0 | Abyss:1  | Reached XP level 1. HP: 18/18 MP: 2/2
    78 | D:1      | Escaped the Abyss
   143 | D:1      | Reached * piety under Lugonu
   240 | D:1      | Gained mutation: You sometimes gain a little power by
                  | taking damage. [demonic ancestry]
   240 | D:1      | Reached XP level 2. HP: 14/24 MP: 3/3
   788 | D:2      | Gained mutation: You sometimes gain power by taking damage.
                  | [demonic ancestry]
   788 | D:2      | Reached XP level 3. HP: 10/29 MP: 4/4
  1470 | D:3      | Gained mutation: You have sharp toenails. [demonic
                  | ancestry]
  1470 | D:3      | Reached XP level 4. HP: 7/36 MP: 5/5
  1473 | D:3      | Reached skill level 1 in Dodging
  1475 | D:3      | HP: 1/36 [orc wizard/+0 dagger (3)]
  1477 | D:3      | Killed from afar by an orc wizard

Skill      XL: |  1  2  3  4 |
---------------+-------------+-----
Maces & Flails | 2 |  2.8
Armour         | 2 |  2.5
Dodging        | 1 |  1.0
Fighting       | |  3.6
Invocations    | |  2.6

Action                   |  1- 3 |  4- 6 || total
-------------------------+-------+-------++-------
Melee: Mace              |   152 |       ||   152
       Hand axe          |     9 |     7 ||    16
Invok: Depart the Abyss  |     1 |       ||     1
  Use: Scroll            |     4 |       ||     4
       Potion            |     1 |       ||     1
  Eat: Chunk             |     2 |       ||     2
Armor: Scale mail        |    90 |     4 ||    94
Dodge: Dodged            |    88 |     3 ||    91
Block: Buckler           |     3 |       ||     3
